 Dungeon Crawl Stone Soup version 0.27-a0-1497-gf8f22f7954 (webtiles) character file.

Game seed: 7075531074941017021

65 Lavandula the Sneak (level 3, 0/24 HPs)
             Began as a Vampire Enchanter on July 7, 2021.
             Slain by a goblin (1 damage)
             ... led by Robin
             ... on level 2 of the Dungeon.
             The game lasted 00:03:33 (1359 turns).

Lavandula the Sneak (Vampire Enchanter)             Turns: 1359, Time: 00:03:34

Health: 0/24       AC:  3    Str:  7    XL:     3   Next: 92%
Magic:  1/6        EV: 12    Int: 18    God:
Gold:   107        SH:  0    Dex: 14    Spells: 0/6 levels left

rFire    . . .     SeeInvis +   c - +2 dagger (venom)
rCold    . . .     Faith    .   (no shield)
rNeg     . . .     Spirit   .   b - +0 robe
rPois    .         Reflect  .   (no helmet)
rElec    .         Harm     +   i - scarf {harm}
rCorr    .         Rampage  .   (no gloves)
Will     .....                  h - +0 pair of boots
Stlth    +++.......             (no amulet)
HPRegen  0.28/turn              (no ring)
MPRegen  0.10/turn              (no ring)

@: brilliant, weak-willed, healing quickly
A: alive, fangs 3, see invisible, vampiric 2
a: Exsanguinate


You were on level 2 of the Dungeon.
You visited 1 branch of the dungeon, and saw 3 of its levels.

You collected 107 gold pieces.

Inventory:

Hand Weapons
 a - a +1 dagger
 c - a +2 dagger of venom (weapon)
Armour
 b - a +0 robe (worn)
 h - a +0 pair of boots (worn)
 i - a scarf of harm (worn)


   Skills:
 + Level 3.9 Short Blades
 - Level 2.1 Dodging
 - Level 4.6 Stealth
 - Level 2.0 Spellcasting
 - Level 4.6 Hexes


You couldn't memorise any spells.
You knew the following spells:

 Your Spells              Type           Power      Damage    Failure   Level
a - Corona                Hex            30%        N/A       2%          1
b - Ensorcelled Hibernat  Hex/Ice        30%        N/A       11%         2
c - Tukima's Dance        Hex            27%        N/A       9%          3

Your spell library contained the following spells:

 Spells                   Type           Power      Damage    Failure   Level
 Confusing Touch          Hex            27%        N/A       9%          3
 Dazzling Flash           Conj/Hex       30%        N/A       22%         3
 Petrify                  Tmut/Erth      2%         N/A       87%         4
 Irradiate                Conj/Tmut      1%         3d14      99%         5
 Sublimation of Blood     Necr           Unusable   N/A       N/A         2

Dungeon Overview and Level Annotations

Branches:
Dungeon (3/15)

Altars:

Annotations:
D:2 Robin, Sigmund


Innate Abilities, Weirdness & Mutations

Your natural rate of healing is accelerated.
You have razor-sharp teeth.
You have supernaturally acute eyesight. (SInv)
You are afflicted with vampirism and can become a bat while bloodless.


Message History

The rat moves out of view.
Things that are here:
a +0 dagger; a goblin corpse Unknown command.
The goblin misses you. Robin throws the goblin at you!
Okay, then.
Okay, then.
As you read the scroll labelled WOPPEMEAMEI, it crumbles to dust.
It is a scroll of enchant weapon.
Your +1 dagger of venom glows red for a moment.
The goblin hits you with a +0 club.
* * * LOW HITPOINT WARNING * * *
Robin roars a battlecry!
The goblin goes into a battle-frenzy!
The goblin barely misses you.
Unknown command.
It was a potion of brilliance.
You feel clever all of a sudden. The goblin completely misses you.
The goblin barely misses you. The hobgoblin hits you.
* * * LOW HITPOINT WARNING * * *
Unknown command.
As you read the scroll labelled ERUQE JA CYULI, it crumbles to dust.
Magic quickly surges around you.
It was a scroll of vulnerability.
The adder barely misses you. The goblin barely misses you. x2
The adder bites you but does no damage. The hobgoblin barely misses you.
Okay, then.
You aren't carrying any items that you can evoke.
Unknown command.
As you read the scroll labelled JACOHE HONTI, it crumbles to dust.
The scroll dissolves into smoke.
It was a scroll of fog.
The goblin hits you but does no damage. The adder barely misses you.
The goblin hits you with a +0 club.
* * * LOW HITPOINT WARNING * * *
The hobgoblin barely misses you.
Your magical contamination has completely faded away.
As you read the scroll labelled UCREZAVUAKH, it crumbles to dust.
The creatures around you are filled with an inner flame!
It was a scroll of immolation.
The goblin hits you with a +0 club.
You die...

....### #.......##..##
#......
....########.......##)##
#######
###..........$........#
#########.........#.#
#........#..#
##........##.#
#....§§§§###..
#...§ggg§..##.#
#...###S@###.# .#
#.....gg## .# .#
........g# # #.##......#
##### # .(g.....# h.g..
........#


hg.. #.#......# ..#..##..####.### gg.gg...#### You could see Robin (inner flame,
weak-willed), an adder (inner flame, weak-willed), 2 hobgoblins and 4 goblins.

Vanquished Creatures
  A hound skeleton (D:3)
  An adder (D:3)
  A worm (D:3)
  2 orcs (D:3)
  9 ball pythons
  3 bats
  An endoplasm (D:2)
  6 goblins
  A hobgoblin (D:3)
  2 jackals
  A quokka (D:1)
  A frilled lizard (D:1)
  5 kobolds
  4 rats
38 creatures vanquished.

Vanquished Creatures (others)
  A kobold (D:1)
1 creature vanquished.

Grand Total: 39 creatures vanquished

Notes
Turn   | Place    | Note
-------+----------+-------------------------------------------
     0 | D:1      | Lavandula the Vampire Enchanter began the quest for the
                  | Orb.
     0 | D:1      | Reached XP level 1. HP: 13/13 MP: 3/3
   251 | D:1      | Reached XP level 2. HP: 19/19 MP: 5/5
   749 | D:2      | Noticed Sigmund
   786 | D:3      | Learned a level 2 spell: Ensorcelled Hibernation
   816 | D:2      | Noticed Robin
   821 | D:2      | Gained mutation: You are afflicted with vampirism and can
                  | become a bat while bloodless. [Vampire growth]
   821 | D:2      | Reached XP level 3. HP: 21/24 MP: 6/6
  1308 | D:2      | Learned a level 3 spell: Tukima's Dance
  1356 | D:2      | HP: 1/24 [hobgoblin[Robin] (6)]
  1359 | D:2      | Slain by a goblin

Illustrated notes

Levels and vault maps discovered:
D:1:      dpeg_arrival_tiny_h, layout_loops_ring, minmay_misc_feat_cross,
          lemuel_old_faithful
D:2:      layout_rooms, serial_shops, shop,
          shapermc_ecumenical_altar_mp_highgroup, minmay_fractal_squares_5,
          uniq_sigmund, uniq_robin
D:3:      layout_loops_ring, kennysheep_vampire_church

Skill      XL: |  1  2  3 |
---------------+----------+-----
Short Blades   | 2 3 |  3.9
Dodging        | |  2.1
Stealth        | |  4.6
Spellcasting   | |  2.0
Hexes          | |  4.6

Action                   || total
-------------------------++-------
Melee: Dagger            ||    80
       Bite              ||     4
 Cast: Corona            ||     2
       Ensorcelled Hiber ||     5
  Use: Scroll            ||     4
       Potion            ||     1
 Stab: Sleeping          ||    16
       Distracted        ||     1
Armor: Robe              ||     6
Dodge: Dodged            ||    48

Table legend: (Time is in decaauts)
 A = Elapsed time spent in this place.
 B = Non-inter-level travel time spent in this place.
 C = Inter-level travel time spent in this place.
 D = Time resting spent in this place.
 E = Time spent auto-exploring this place.
 F = Levels seen in this place.
 G = Mean time per level.
                   A        B        C        D        E       F      G
               +--------+--------+--------+--------+--------+-----+--------+
         Total |   1349 |   1339 |     10 |     41 |    955 |   3 |  449.7 |
       Dungeon |   1349 |   1339 |     10 |     41 |    955 |   3 |  449.7 |
               +--------+--------+--------+--------+--------+-----+--------+

Top non-repeatable levels by time:
     D:1: 684 daAuts
     D:3: 471 daAuts
     D:2: 193 daAuts
